 Dungeon Crawl Stone Soup version 0.28.0-43-g3370ac3207 (webtiles) character file.

Game seed: 11532775059149077716

74 pkoi the Charlatan (level 4, -2/38 HPs)
             Began as a Hill Orc Artificer on Mar 22, 2022.
             Killed by divine providence
             ... invoked by an orc priest
              (11 damage)
             ... on level 3 of the Dungeon.
             The game lasted 00:02:33 (3102 turns).

pkoi the Charlatan (Hill Orc Artificer)             Turns: 3102, Time: 00:02:34

Health: -2/38      AC:  4    Str: 14    XL:     4   Next: 30%
Magic:  4/4        EV: 11    Int: 13    God:
Gold:   44         SH:  0    Dex: 11    Spells: 3/3 levels left

rFire   . . .      SeeInvis .   h - +1 quarterstaff (speed)
rCold   . . .      Faith    .   (shield currently unavailable)
rNeg    . . .      Spirit   .   b - +0 leather armour
rPois   .          Reflect  .   (no helmet)
rElec   .          Harm     .   (no cloak)
rCorr   .          Rampage  .   (no gloves)
Will    .....                   q - +0 pair of boots
Stlth   +.........              (no amulet)
HPRegen 0.12/turn               (no ring)
MPRegen 0.09/turn               (no ring)

@: no status effects
A: no striking features
a: Convert to Beogh


You were on level 3 of the Dungeon.
You visited 1 branch of the dungeon, and saw 3 of its levels.

You collected 44 gold pieces.

Inventory:

Hand Weapons
 a - a +0 club
 f - a +0 whip
 h - a +1 quarterstaff of speed (weapon)
Armour
 b - a +0 leather armour (worn)
 q - a +0 pair of boots (worn)
Wands
 c - a wand of flame (12) (quivered)
 d - a wand of charming (14)
Scrolls
 k - a scroll of amnesia {unknown}
 l - a scroll of fog {unknown}
 n - a scroll of enchant armour {unknown}
 o - a scroll of noise {unknown}
 p - a scroll of identify {unknown}
Potions
 i - a potion of attraction {unknown}
 m - a potion of curing {unknown}
Miscellaneous
 e - a piece from Xom's chessboard (15/15)


   Skills:
 + Level 3.4 Fighting
 - Level 2.1 Armour
 - Level 0.7 Dodging
 - Level 0.7 Stealth
 + Level 4.1 Evocations


You had 3 spell levels left.
You didn't know any spells.
Your spell library contained the following spells:

 Spells                   Type           Power      Damage    Failure   Level
 Ensorcelled Hibernation  Hex/Ice        0%         N/A       50%         2
 Passwall                 Tmut/Erth      0%         N/A       50%         2
 Stone Arrow              Conj/Erth      0%         3d7       75%         3
 Swiftness                Air            0%         N/A       75%         3
 Animate Armour           Summ/Erth      0%         N/A       98%         4
 Lehudib's Crystal Spear  Conj/Erth      0%         10d2      100%        8


Dungeon Overview and Level Annotations

Branches:
Dungeon (3/15)

Altars:


Message History

Okay, then.
You see here a +0 pair of boots.
q - a +0 pair of boots You start putting on your armour.
You continue putting on your +0 pair of boots. x4
You finish putting on your +0 pair of boots.
There is an open door here.
Things that are here:
a +0 dagger; a goblin corpse
There is a stone staircase leading up here.
Blink to where?
Press: ? - help, Dir - move target, f - you Are you sure you want to cancel this blink?
Okay, then.
As you read the scroll labelled RIOLACHU PUME, it crumbles to dust.
It was a scroll of blinking.
As you read the scroll labelled IBLANI XIAS, it crumbles to dust.
You feel strangely unstable.
It was a scroll of teleportation.
You start waiting.
Your surroundings suddenly seem different. 5 orcs, a rat, a quokka and a dart slug come into view.
Found 5 stones.
The orc shouts!
The orc priest shouts, "Surrender to Beogh and we'll let you live!" (press Y on the ability menu to convert to Beogh)
The orc priest shouts!
The orc shouts! x2
The orc hits you with a +0 hand axe. The rat barely misses you.
The rat bites you but does no damage. The orc hits you with a +0 hand axe!
* * * LOW HITPOINT WARNING * * *
The orc priest mumbles some strange prayers to Beogh against you.
Beogh smites you!
* * * LOW HITPOINT WARNING * * *
The orc priest invokes the aid of Beogh against you.
Beogh smites you!
* * * LOW HITPOINT WARNING * * *
The orc priest looks encouraged for a moment.
The orc priest invokes the aid of Beogh against you.
Beogh smites you!
You die...

#.#.#<#.######
#.#.###......#
..########.#...'......#
...........#####......#
........................
..#.######.####.........
# #.# #.#+#...##
.######†## #.# ####
.......@.# #.#
########r# #.# .. #.#
#.# ....##.###.#
........o...#
.....###o####
#####...oo.# ##...o..#
#....w.r#


You could see an orc priest, 4 orcs and a rat.

Vanquished Creatures
  2 adders (D:2)
  2 worms (D:2)
  A dart slug (D:2)
  7 ball pythons
  A bat (D:1)
  5 endoplasms
  A giant cockroach (D:2)
  6 goblins
  4 hobgoblins
  3 kobolds
  5 quokkas
  A frilled lizard (D:2)
  2 rats (D:1)
40 creatures vanquished.

Vanquished Creatures (collateral kills)
  A ball python (D:1)
1 creature vanquished.

Grand Total: 41 creatures vanquished

Notes
Turn   | Place    | Note
-------+----------+-------------------------------------------
     0 | D:1      | pkoi the Hill Orc Artificer began the quest for the Orb.
     0 | D:1      | Reached XP level 1. HP: 16/16 MP: 1/1
   548 | D:1      | Reached XP level 2. HP: 9/24 MP: 2/2
   997 | D:1      | Found a faded altar of an unknown god.
  1357 | D:1      | You fall into a shaft and drop 1 floor!
  1486 | D:1      | Reached XP level 3. HP: 3/30 MP: 3/3
  2732 | D:2      | Reached skill level 4 in Evocations
  2732 | D:2      | Reached XP level 4. HP: 17/38 MP: 4/4
  3102 | D:3      | Killed from afar by an orc priest

Illustrated notes

Levels and vault maps discovered:
D:1:      kennysheep_arrival_seaside, layout_loops_ring,
          chequers_ecumenical_altar_island
D:2:      layout_basic
D:3:      layout_basic, uniq_ijyb

Skill      XL: |  1  2  3 |
---------------+----------+-----
Fighting       | 2 3 |  3.4
Evocations     | 4 |  4.1
Armour         | |  2.1
Dodging        | |  0.7
Stealth        | |  0.7

Action                   |  1- 3 |  4- 6 || total
-------------------------+-------+-------++-------
Melee: Club              |    26 |       ||    26
       Whip              |    44 |       ||    44
       Punch             |     1 |       ||     1
       Quarterstaff      |    52 |    10 ||    62
Evoke: Wand              |     3 |     1 ||     4
  Use: Scroll            |       |     2 ||     2
 Stab: Sleeping          |     1 |     1 ||     2
Armor: Leather armour    |    37 |     1 ||    38
Dodge: Dodged            |    78 |     5 ||    83
